Map: Oxide LE

Players

DPGDark (Dark) - Winner!

  • Race: Zerg Zerg
  • League: Master

TIME (Oliveira)

  • Race: Terran Terran

Event: DreamHack SC2 Masters 2021 Fall

VOD

Have the link to the VOD?

Description

Time

  • Played on: Sept. 9, 2021, 11:06 a.m.
  • Length: 6:47

All games in this series

Show
View Real Time Build Order
Export as new Build Order

DPGDark Zerg - Winner!

Build Orders: Hatch First 

Get SALT Encoding   

  12  0:00  Drone  
  13  0:12  Overlord  
  13  0:16  Drone  
  14  0:30  Drone x2  
  16  0:47  Hatchery  
  15  0:50  Drone  
  15  0:54  Drone  
  17  0:58  Drone  
  18  1:10  Extractor  
  17  1:13  Spawning Pool  
  17  1:15  Drone  
  17  1:19  Drone  
  18  1:27  Drone  
  19  1:39  Drone  
  20  1:50  Drone  
  21  2:00  Queen x2  
  25  2:01  Zergling x4  
  27  2:10  Zergling x2, Overlord  
  28  2:21  Hatchery  
  27  2:26  Drone  
  27  2:29  Drone  
  29  2:34  Drone x2  
  31  2:38  Queen  
  31  2:44  Overlord  
  33  2:50  Metabolic Boost  
  33  2:52  Drone  
  33  2:54  Drone  
  35  2:59  Drone  
  35  3:05  Drone x2  
  38  3:10  Overlord  
  38  3:12  Drone x2  
  40  3:17  Queen  
  42  3:21  Drone  
  42  3:23  Drone  
  44  3:29  Drone  
  44  3:30  Drone  
  44  3:34  Drone  
  47  3:38  Queen  
  49  3:46  Overlord  
  49  3:47  Drone x3  
  52  3:48  Drone x2  
  52  3:52  Queen  
  56  3:58  Drone x2, Overlord  
  57  4:02  Extractor  
  57  4:08  Drone  
  57  4:09  Evolution Chamber  
  56  4:10  Evolution Chamber  
  56  4:14  Drone x2  
  57  4:18  Queen  
  57  4:19  Drone x5  
  57  4:20  Drone  
  65  4:28  Drone x2  
  67  4:36  Drone x3  
  67  4:38  Zerg Melee Weapons Level 1  
  70  4:40  Spore Crawler  
  70  4:42  Spore Crawler x2  
  67  4:46  Zerg Ground Armor Level 1  
  67  4:47  Drone x4  
  71  4:53  Zergling x6  
  71  4:58  Overlord  
  74  5:05  Overlord  
  74  5:06  Lair  
  74  5:10  Overlord  
  74  5:12  Overlord  
  74  5:16  Drone x4  
  74  5:17  Drone x2  
  74  5:19  Drone x2  
  81  5:23  Spore Crawler  
  81  5:27  Hatchery  
  79  5:31  Drone x3  
  79  5:34  Drone  
  79  5:35  Extractor, Drone x2  
  84  5:36  Extractor  
  83  5:43  Zergling x18  
  92  6:01  Zergling x6  
  92  6:02  Zergling x6  
  97  6:10  Zergling x10  
  99  6:19  Hatchery  
  99  6:20  Zergling x4, Infestation Pit  
  99  6:21  Baneling Nest, Hatchery  
  99  6:23  Zergling x2  
  98  6:26  Drone  
  98  6:27  Drone  
Show
View Real Time Build Order
Export as new Build Order

TIME Terran 

Build Orders: Reaper Expand, Hellion Banshee 

Get SALT Encoding   

  12  0:00  SCV  
  13  0:12  SCV  
  14  0:17  Supply Depot  
  14  0:25  SCV  
  15  0:39  SCV  
  15  0:40  Barracks  
  16  0:44  Refinery  
  16  0:51  SCV  
  17  1:03  SCV  
  18  1:15  SCV  
  19  1:27  Reaper, Orbital Command  
  20  1:39  Command Center  
  20  1:46  Supply Depot  
  20  1:53  SCV  
  21  1:59  Marine  
  22  2:05  SCV  
  23  2:10  Factory  
  23  2:17  SCV  
  23  2:21  Barracks Reactor  
  25  2:30  SCV  
  25  2:41  Command Center  
  25  2:42  SCV  
  25  2:51  Orbital Command  
  26  2:55  SCV  
  27  2:59  Starport  
  27  3:04  Refinery  
  27  3:07  SCV  
  28  3:14  Hellion x2  
  28  3:17  SCV  
  34  3:20  SCV  
  34  3:22  Barracks Tech Lab  
  34  3:29  SCV  
  34  3:32  SCV  
  36  3:37  Hellion x2  
  40  3:41  SCV  
  40  3:44  Banshee  
  40  3:45  SCV  
  40  3:46  Marine  
  46  3:54  Orbital Command  
  46  3:55  SCV  
  47  4:00  Hellion  
  47  4:01  SCV, Hellion  
  52  4:06  Supply Depot  
  52  4:07  SCV  
  52  4:08  Barracks Tech Lab  
  53  4:13  SCV  
  54  4:19  SCV  
  54  4:20  Cloaking Field  
  54  4:23  SCV  
  56  4:26  SCV  
  56  4:27  Banshee  
  56  4:29  Supply Depot  
  56  4:30  Marine  
  61  4:33  SCV  
  62  4:40  SCV, Barracks, Stimpack  
  62  4:42  Barracks  
  63  4:46  SCV  
  63  4:48  Marine  
  63  4:50  Factory Reactor  
  63  4:52  SCV  
  66  4:53  Supply Depot, SCV  
  67  5:02  Engineering Bay x2  
  67  5:03  SCV  
  67  5:05  Refinery x2, Marine  
  67  5:07  SCV  
  70  5:13  Supply Depot  
  70  5:14  SCV  
  70  5:16  Supply Depot  
  70  5:18  SCV  
  72  5:23  Marine, SCV  
  74  5:31  Orbital Command  
  74  5:33  Marine  
  74  5:34  SCV, Barracks  
  74  5:35  Barracks  
  76  5:37  Marine  
  76  5:42  Factory Reactor  
  77  5:44  SCV  
  77  5:46  Marine, SCV  
  77  5:48  Starport Reactor  
  77  5:49  Marine  
  81  5:50  Marine  
  81  5:52  Marine  
  81  5:56  Marine  
  81  5:57  SCV  
  85  6:03  SCV  
  77  6:04  Marine  
  77  6:05  SCV  
  77  6:07  Marine  
  77  6:09  Marine  
  77  6:11  SCV  
  76  6:15  Marine, SCV  
  76  6:17  SCV  
  79  6:20  Supply Depot, Command Center  
  79  6:21  Supply Depot  
  79  6:22  Refinery, Barracks Reactor x2, Widow Mine x2  
  79  6:23  SCV  
  84  6:29  SCV x2  

Tags
 
Add a new tag
Caveats
  • Supply blocks, unpowered buildings, or Contaminate may cause inaccurate times.
  • Supply counts are checked every 10 seconds.